 Dungeon Crawl Stone Soup version 0.18.1-1-g2f07953 (webtiles) character file.

336 M4edhros the Insei (level 6, -5/36 HPs)
             Began as an Octopode Necromancer on May 7, 2016.
             Slain by Sigmund
             ... wielding a +0 scythe
              (7 damage)
             ... on level 5 of the Dungeon.
             The game lasted 00:08:08 (1224 turns).

M4edhros the Insei (Octopode Necromancer)           Turns: 1224, Time: 00:08:09

Health: -5/36      AC:  1    Str: 12    XL:     6   Next: 54%
Magic:  1/9        EV: 12    Int: 17    God:
Gold:   136        SH:  0    Dex: 15    Spells: 3 memorised, 4 levels left

rFire  . . .     SeeInvis .       - Unarmed
rCold  . . .     Gourm    .     (no shield)
rNeg   . . .     Faith    .     (helmet restricted)
rPois  .         Spirit   .     (no amulet)
rElec  .         Dismiss  .     h - ring of protection from magic
rCorr  .         Reflect  .     l - ring of teleportation (curse)
SustAt .         Harm     .     (no ring)
MR     +....     Rnd*Tele +     (no ring)
Stlth  +++.......               (no ring)
                                (no ring)
                                (no ring)
                                (no ring)

@: mighty, very slightly contaminated, somewhat resistant to hostile
enchantments, fairly stealthy
A: almost no armour, amphibious, 8 rings, constrict 8, camouflage 1, gelatinous
body 1
a: no special abilities


You were on level 5 of the Dungeon.
You were not hungry.

You visited 1 branch of the dungeon, and saw 5 of its levels.

You collected 136 gold pieces.

Inventory:

Hand Weapons
 g - a +0 hunting sling
 k - a +0 hunting sling of flaming
Jewellery
 h - a ring of protection from magic (left tentacle)
 l - a cursed ring of teleportation (right tentacle)
Scrolls
 d - a scroll of enchant weapon {unknown}
 e - 4 scrolls of fear
 i - a scroll of remove curse {unknown}
 o - a scroll of random uselessness {unknown}
 q - a scroll of teleportation {unknown}
Potions
 m - a potion of haste
 n - a potion of curing {unknown}
 p - a potion of heal wounds {unknown}
Books
 a - a book of Necromancy

   Spells                             Type                      Level
   a - Pain                           Necromancy                   1
   b - Animate Skeleton               Necromancy                   1
   c - Vampiric Draining              Necromancy                   3
   d - Regeneration                   Charms/Necromancy            3
   e - Animate Dead                   Necromancy                   4
   f - Control Undead                 Necromancy                   4
Comestibles
 b - 2 bread rations
 c - a chunk of flesh
 f - a meat ration


   Skills:
 - Level 2.0 Dodging
 - Level 2.6 Stealth
 + Level 6.3 Unarmed Combat
 - Level 2.0 Spellcasting
 - Level 4.0 Necromancy


You had 4 spell levels left.
You knew the following spells:

 Your Spells              Type           Power        Failure   Level  Hunger
a - Pain                  Necr           ###.         3%          1    #......
b - Animate Skeleton      Necr           N/A          3%          1    #......
r - Regeneration          Chrm/Necr      #.........   24%         3    ###....


Dungeon Overview and Level Annotations

Branches:
Dungeon (5/15)
 Temple: D:4-7

Altars:

Annotations:
D:5 Sigmund


Innate Abilities, Weirdness & Mutations

You cannot wear most types of armour.
You are amphibious.
You can wear up to eight rings at the same time.
You can use your tentacles to constrict eight enemies at once.
Your skin changes colour to match your surroundings (Stealth).
Your rubbery body absorbs attacks (AC +1).


Message History

You closely miss the ogre. You squeeze the ogre.
You kill the ogre!
Your Unarmed Combat skill increases to level 6!
Something hits you.
Casting: Regeneration
Confirm with . or Enter, or press ? or * to list all spells.
You miscast Regeneration.
Multicoloured lights dance before your eyes!
Something hits you!
* * * LOW HITPOINT WARNING * * *
You tentacle-slap the orc. Your grab misses the orc.
The orc is almost dead.
The orc hits you with a club.
* * * LOW HITPOINT WARNING * * *
Drink which item? (? for menu, Esc to quit)
Okay, then.
You barely miss the orc. Your grab misses the orc. You squeeze the orc.
You kill the orc!
Something hits you!
You die...

##### #...
#..######.###.###
#.......@(......#
#.#######)#######
#O..o.{<.....#
#.#o.#..#.####
#.o#..# # #o #..#
## #..# ...# @...


There were no monsters in sight!

Vanquished Creatures
  An ogre (D:5)
  A centaur skeleton (D:3)
  A giant frog skeleton (D:4)
  An orc wizard (D:5)
  Natasha (twice) (D:2)
  4 gnolls (D:4)
  4 adders
  2 worms
  A giant gecko (D:3)
  4 orcs
  A giant cockroach (D:2)
  3 goblins
  5 hobgoblins
  2 jackals (D:2)
  4 kobolds
  2 quokkas (D:2)
  2 bats
  3 rats
43 creatures vanquished.

Vanquished Creatures (collateral kills)
  A hobgoblin (D:2)
  A bat (D:2)
  A kobold (D:2)
3 creatures vanquished.

Grand Total: 46 creatures vanquished

Notes
Turn   | Place    | Note
--------------------------------------------------------------
     0 | D:1      | M4edhros the Octopode Necromancer began the quest for the Orb.
     0 | D:1      | Reached XP level 1. HP: 11/11 MP: 3/3
    97 | D:1      | Learned a level 1 spell: Animate Skeleton
   113 | D:1      | Reached skill level 1 in Unarmed Combat
   185 | D:1      | Reached XP level 2. HP: 11/17 MP: 1/5
   320 | D:2      | Reached skill level 2 in Unarmed Combat
   322 | D:2      | Noticed Natasha
   332 | D:2      | Killed Natasha
   332 | D:2      | Reached XP level 3. HP: 8/21 MP: 1/6
   337 | D:2      | Learned a level 3 spell: Regeneration
   349 | D:2      | Reached skill level 3 in Unarmed Combat
   452 | D:2      | Noticed Natasha
   482 | D:2      | Reached XP level 4. HP: 21/27 MP: 1/7
   504 | D:2      | Killed Natasha
   504 | D:2      | Reached skill level 4 in Unarmed Combat
   692 | D:3      | Found a faded altar to an unknown god.
   767 | D:3      | Reached XP level 5. HP: 6/31 MP: 8/8
   990 | D:4      | Reached skill level 5 in Unarmed Combat
  1198 | D:5      | Entered Level 5 of the Dungeon
  1198 | D:5      | Noticed Sigmund
  1198 | D:5      | Noticed an ogre
  1207 | D:5      | Reached XP level 6. HP: 25/36 MP: 5/9
  1221 | D:5      | Reached skill level 6 in Unarmed Combat
  1223 | D:5      | HP: 1/36 [orc/club (6)]
  1224 | D:5      | Slain by Sigmund

Skill      XL: |  1  2  3  4  5  6 |
---------------+-------------------+-----
Unarmed Combat | 1 2 3 4 5 6 |  6.3
Dodging        | |  2.0
Stealth        | |  2.6
Spellcasting   | |  2.0
Necromancy     | |  4.0

Action                   |  1- 3 |  4- 6 || total
-------------------------+-------+-------++-------
Melee: Unarmed           |    26 |    88 ||   114
       Constrict         |     8 |    17 ||    25
       Tentacles         |     6 |    14 ||    20
       Punch             |       |     1 ||     1
 Cast: Pain              |    18 |       ||    18
       Animate Skeleton  |     4 |     6 ||    10
       Regeneration      |     3 |    13 ||    16
  Use: Scroll            |     1 |     2 ||     3
       Potion            |       |     1 ||     1
 Stab: Sleeping          |     2 |     2 ||     4
  Eat: Chunk             |       |     5 ||     5
Armor: Skin              |     1 |    10 ||    11
Dodge: Dodged            |    11 |    50 ||    61
